 Dungeon Crawl Stone Soup version 0.30-a0-867-g305f33218d (webtiles) character file.

Game seed: 16615961784978963190

297 Ijustatesigmund the Firebug (level 6, -1/44 HPs)
             Began as a Gnoll Fire Elementalist on Mar 10, 2023.
             Succumbed to a kobold brigand's curare-tipped dart
             ... while paralysed by Grinder
             ... in a sewer.
             The game lasted 00:09:00 (2887 turns).

Ijustatesigmund the Firebug (GnFE)                  Turns: 2887, Time: 00:09:01

Health: -1/44      AC:  7    Str:  7      XL:     6   Next: 35%
Magic:  9/14       EV:  2    Int: 17      God:
Gold:   81         SH:  0    Dex:  7 (12) Spells: 8/15 levels left

rFire   . . .      SeeInvis .    f - +0 short sword
rCold   . . .      Faith    .    (no shield)
rNeg    . . .      Spirit   .    a - +0 robe
rPois   .          Reflect  .    j - +0 helmet
rElec   .          Rampage  .    p - +0 cloak
rCorr   .                        d - +1 pair of gloves
Will    .....                    i - +0 pair of boots
Stlth   ++                       (no amulet)
HPRegen 0.27/turn                (no ring)
MPRegen 0.14/turn                (no ring)

@: paralysed, mighty, brilliant, lethally poisoned (-1 -> -10), slowed
A: fangs 1, strong nose, distributed training
a: no special abilities


You were in a sewer.
You visited 1 branch of the dungeon, and saw 3 of its levels.
You also visited: Sewer.

You collected 81 gold pieces.

Inventory:

Hand Weapons
 f - a +0 short sword (weapon)
Missiles
 g - a throwing net
Armour
 a - a +0 robe (worn)
 d - a +1 pair of gloves (worn)
 i - a +0 pair of boots (worn)
 j - a +0 helmet (worn)
 p - a +0 cloak (worn)
Jewellery
 o - a ring of positive energy
Wands
 m - a wand of roots (8)


   Skills:
 + Level 2.0 Fighting
 + Level 2.0 Short Blades
 + Level 2.0 Long Blades
 + Level 2.0 Axes
 + Level 2.0 Maces & Flails
 + Level 2.0 Polearms
 + Level 2.0 Staves
 + Level 2.0 Ranged Weapons
 + Level 2.0 Throwing
 + Level 2.0 Armour
 + Level 5.0 Dodging
 + Level 4.6 Stealth
 + Level 2.0 Shields
 + Level 2.0 Unarmed Combat
 + Level 5.4 Spellcasting
 + Level 2.6 Conjurations
 + Level 1.6 Hexes
 + Level 1.6 Summonings
 + Level 1.6 Necromancy
 + Level 1.6 Translocations
 + Level 1.6 Transmutations
 + Level 5.7 Fire Magic
 + Level 1.6 Ice Magic
 + Level 1.6 Air Magic
 + Level 1.6 Earth Magic
 + Level 1.6 Poison Magic
 + Level 2.2 Invocations
 + Level 2.0 Evocations


You had 8 spell levels left.
You knew the following spells:

 Your Spells              Type           Power      Damage    Failure   Level
a - Foxfire               Conj/Fire      100%       2x1d9     2%          1
b - Scorch                Fire           70%        2d8       1%          2
c - Flame Wave            Conj/Fire      28%        2d9       24%         4

Your spell library contained the following spells:

 Spells                   Type           Power      Damage    Failure   Level
 Static Discharge         Conj/Air       34%        2-4/arc   9%          2
 Inner Flame              Hex/Fire       25%        N/A       9%          3
 Kindle Blastsparks       Fire/Tloc/Air  44%        2d13      12%         3
 Vhi's Electric Charge    Tloc/Air       30%        N/A       22%         3
 Cause Fear               Hex            7%         N/A       56%         4
 Arcjolt                  Conj/Air       8%         1d18      83%         5
 Lightning Bolt           Conj/Air       8%         1d21      83%         5
 Discord                  Hex            7%         N/A       100%        8


Dungeon Overview and Level Annotations

Branches:
Dungeon (3/15)              Sewer (1/1)

Altars:
Sif Muna

Annotations:
D:2 Sigmund Sewer Grinder


Innate Abilities, Weirdness & Mutations

You have very sharp teeth.
Your uncanny sense of smell can sniff out nearby items.
Your experience applies equally to all skills.


Message History

You feel very mighty all of a sudden.
You feel very sick.
The kobold brigand throws a curare-tipped dart.
The curare-tipped dart barely misses you.
Grinder gestures at you. Pain shoots through your body!
* * * LOW HITPOINT WARNING * * *
It was a potion of brilliance.
You feel clever all of a sudden.
* * * LOW HITPOINT WARNING * * *
You feel very sick.
The kobold brigand is no longer more vulnerable to fire.
The kobold brigand throws a curare-tipped dart.
The curare-tipped dart closely misses you.
Grinder says, "Wait up."
The kobold brigand barely misses you.
It was a potion of curing.
You feel better.
The kobold brigand hits you from afar with a +0 trident.
* * * LOW HITPOINT WARNING * * *
Unknown command.
It was a potion of heal wounds.
You feel much better.
The kobold brigand throws a curare-tipped dart.
The curare-tipped dart hits you.
You are poisoned.
You have difficulty breathing.
You feel as though you will be slow longer.
Grinder gestures at you.
You suddenly lose the ability to move!
The kobold brigand hits you from afar with a +0 trident.
Grinder hits you but does no damage.
You feel very sick.
The kobold brigand hits you from afar with a +0 trident!
Grinder hits you.
* * * LOW HITPOINT WARNING * * *
* * * LOW HITPOINT WARNING * * *
You feel very sick.
The kobold brigand hits you from afar with a +0 trident.
* * * LOW HITPOINT WARNING * * *
Grinder hits you but does no damage.
You die...

#≈≈≈≈)≈#...#~≈≈≈≈≈#
#≈~≈≈≈...≈...~≈≈≈≈#
#≈.....#≈≈≈#..≈~≈≈#
#......#~≈≈#......#
#5#######≈#######'#
#.§....#...#..)...#
#≈≈5..5)))).....~≈..≈≈#
#≈≈~#≈§≈~≈≈#...#~~≈~≈≈#
#############@#########
#.5.# ..)§.K. ∆
.'.......'. ∆ ∆∆
...'.§._.§.'... ∆∆
...'.......'...
~≈≈#..§.§..#≈≈≈
#####.....#####


You could see Grinder and a kobold brigand.

Vanquished Creatures
  A kobold brigand (Sewer)
  A quasit (Sewer)
  Jessica (D:2)
  3 gnolls
  2 adders
  3 ufetubi (Sewer)
  5 dart slugs (D:1)
  8 ball pythons
  8 endoplasms
  9 giant cockroaches
  8 goblins
  4 hobgoblins
  4 quokkas
  6 bats (D:1)
  2 frilled lizards (D:1)
  24 kobolds
  2 kobold zombies (Sewer)
  2 rats
93 creatures vanquished.

Vanquished Creatures (others)
  An endoplasm (Sewer)
  A giant cockroach zombie (Sewer)
  251 foxfires
  6 plants (D:2)
  12 withered plants (D:2)
271 creatures vanquished.

Grand Total: 364 creatures vanquished

Notes
Turn   | Place    | Note
-------+----------+-------------------------------------------
     0 | D:1      | Ijustatesigmund the Gnoll Fire Elementalist began the quest
                  | for the Orb.
     0 | D:1      | Reached XP level 1. HP: 13/13 MP: 6/6
    66 | D:1      | Reached XP level 2. HP: 16/19 MP: 1/7
   309 | D:1      | Learned a level 2 spell: Scorch
   630 | D:1      | Reached skill level 5 in Spellcasting
   630 | D:1      | Reached XP level 3. HP: 25/25 MP: 5/9
   752 | D:1      | Reached skill level 1 in Invocations
  1035 | D:1      | Reached skill level 1 in Fighting
  1035 | D:1      | Reached skill level 1 in Short Blades
  1035 | D:1      | Reached skill level 1 in Long Blades
  1035 | D:1      | Reached skill level 1 in Axes
  1035 | D:1      | Reached skill level 1 in Maces & Flails
  1035 | D:1      | Reached skill level 1 in Polearms
  1035 | D:1      | Reached skill level 1 in Staves
  1035 | D:1      | Reached skill level 1 in Ranged Weapons
  1035 | D:1      | Reached skill level 1 in Throwing
  1035 | D:1      | Reached skill level 1 in Armour
  1035 | D:1      | Reached skill level 1 in Shields
  1035 | D:1      | Reached skill level 1 in Unarmed Combat
  1035 | D:1      | Reached skill level 1 in Evocations
  1095 | D:1      | Reached XP level 4. HP: 32/32 MP: 7/11
  1314 | D:2      | Noticed Jessica
  1320 | D:2      | Killed Jessica
  1321 | D:2      | Reached skill level 1 in Hexes
  1321 | D:2      | Reached skill level 1 in Summonings
  1321 | D:2      | Reached skill level 1 in Necromancy
  1321 | D:2      | Reached skill level 1 in Translocations
  1321 | D:2      | Reached skill level 1 in Transmutations
  1321 | D:2      | Reached skill level 1 in Ice Magic
  1321 | D:2      | Reached skill level 1 in Air Magic
  1321 | D:2      | Reached skill level 1 in Earth Magic
  1321 | D:2      | Reached skill level 1 in Poison Magic
  1465 | D:2      | Noticed Sigmund
  1623 | D:1      | Learned a level 4 spell: Flame Wave
  1637 | D:2      | Reached XP level 5. HP: 37/37 MP: 9/12
  1889 | D:2      | Found a shimmering blue altar of Sif Muna.
  2092 | D:3      | Found a glowing drain.
  2111 | Sewer    | Entered a sewer
  2654 | Sewer    | Found a burning altar of Makhleb.
  2654 | Sewer    | Noticed a kobold brigand
  2671 | Sewer    | Noticed Grinder
  2671 | Sewer    | Killed a kobold brigand
  2672 | Sewer    | Reached XP level 6. HP: 43/44 MP: 8/14
  2678 | Sewer    | Reached skill level 5 in Dodging
  2884 | Sewer    | Paralysed by Grinder for 4 turns
  2886 | Sewer    | HP: 1/44 [kobold brigand/+0 trident (5)]
  2887 | Sewer    | Succumbed to a kobold brigand's curare-tipped dart

Illustrated notes

Levels and vault maps discovered:
D:1:      nzn_arrival_crosshair, layout_basic, minmay_tetromino_l4
D:2:      layout_loops_ring, basic_altar, shapermc_ecumenical_altar_flowoftime,
          lemuel_flame_loot_1, uniq_jessica, uniq_sigmund
D:3:      gammafunk_wand_slinger, layout_rooms, mainiacjoe_overflow_alcove_2,
          serial_shops, nicolae_shop_bloodbath_and_beyond, portal_sewer_entry_f,
          grunt_decor_one_mirror
Sewer:    kennysheep_sewer_church

Skill      XL: |  1  2  3  4  5  6 |
---------------+-------------------+-----
Conjurations   | 2 |  2.6
Spellcasting   | 5 |  5.4
Invocations    | 1 2 |  2.2
Fighting       | 1 2 |  2.0
Short Blades   | 1 2 |  2.0
Long Blades    | 1 2 |  2.0
Axes           | 1 2 |  2.0
Maces & Flails | 1 2 |  2.0
Polearms       | 1 2 |  2.0
Staves         | 1 2 |  2.0
Ranged Weapons | 1 2 |  2.0
Throwing       | 1 2 |  2.0
Armour         | 1 2 |  2.0
Shields        | 1 2 |  2.0
Unarmed Combat | 1 2 |  2.0
Evocations     | 1 2 |  2.0
Hexes          | 1 |  1.6
Summonings     | 1 |  1.6
Necromancy     | 1 |  1.6
Translocations | 1 |  1.6
Transmutations | 1 |  1.6
Ice Magic      | 1 |  1.6
Air Magic      | 1 |  1.6
Earth Magic    | 1 |  1.6
Poison Magic   | 1 |  1.6
Dodging        | 5 |  5.0
Stealth        | |  4.6
Fire Magic     | |  5.7

Action                     |  1- 3 |  4- 6 || total
---------------------------+-------+-------++-------
  Melee: Short sword       |       |    18 ||    18
         Bite              |       |     2 ||     2
   Cast: Foxfire           |    55 |    85 ||   140
         Scorch            |     3 |    11 ||    14
         Flame Wave        |       |     1 ||     1
    Use: Potion            |     1 |     6 ||     7
         Scroll            |       |     5 ||     5
 Armour: Robe              |    20 |    50 ||    70
  Dodge: Dodged            |    38 |   101 ||   139

Table legend: (Time is in decaauts)
 A = Elapsed time spent in this place.
 B = Non-inter-level travel time spent in this place.
 C = Inter-level travel time spent in this place.
 D = Time resting spent in this place.
 E = Time spent auto-exploring this place.
 F = Levels seen in this place.
 G = Mean time per level.
                   A        B        C        D        E       F      G
               +--------+--------+--------+--------+--------+-----+--------+
         Total |   2891 |   2885 |      6 |    985 |   1265 |   4 |  722.8 |
       Dungeon |   2112 |   2106 |      6 |    579 |   1070 |   3 |  704.0 |
         Sewer |    778 |    778 |      0 |    406 |    195 |   1 |  778.0 |
               +--------+--------+--------+--------+--------+-----+--------+

Top non-repeatable levels by time:
     D:1: 1406 daAuts
   Sewer: 778 daAuts
     D:2: 616 daAuts
     D:3: 90 daAuts
